 Dungeon Crawl Stone Soup version 0.29-a0-297-g7659ce593d (webtiles) character file.

Game seed: 15785147797403596755

560 Dabor the Stinger (level 7, 0/55 HPs)
             Began as a Naga Venom Mage on Mar 22, 2022.
             Was an Initiate of Qazlal.
             Slain by an ice beast (2 damage)
             ... on level 5 of the Dungeon.
             The game lasted 00:09:10 (5989 turns).

Dabor the Stinger (Naga Venom Mage)                 Turns: 5989, Time: 00:09:11

Health: 0/55       AC:  5    Str: 11    XL:     7   Next: 31%
Magic:  0/12       EV: 10    Int: 17    God:    Qazlal [......]
Gold:   230        SH:  0    Dex: 17    Spells: 1/13 levels left

rFire   . . .      SeeInvis +   q - +3 dagger (venom)
rCold   . . .      Faith    .   (no shield)
rNeg    . . .      Spirit   .   a - +0 robe
rPois   +          Reflect  .   (no helmet)
rElec   .          Harm     .   h - +1 cloak
rCorr   .          Rampage  .   (no gloves)
Will    .....                   (no barding)
Stlth   ++........              (no amulet)
HPRegen 0.18/turn               r - +6 ring of dexterity
MPRegen 0.13/turn               (no ring)

@: very slow
A: AC +2, large, see invisible, deformed body, poison resistance, slowness 2,
spit poison 1, naga tail 1
a: Spit Poison, Renounce Religion


You were on level 5 of the Dungeon.
You worshipped Qazlal.
Qazlal was noncommittal.
You visited 1 branch of the dungeon, and saw 6 of its levels.

You collected 230 gold pieces.

Inventory:

Hand Weapons
 q - a +3 dagger of venom (weapon)
Armour
 a - a +0 robe (worn)
 h - a +1 cloak (worn)
Jewellery
 d - a ring of fire
 r - a +6 ring of dexterity (left hand)
 u - a ring of ice
Wands
 m - a wand of digging (7)
Scrolls
 c - a scroll of teleportation
 e - 2 scrolls of blinking
 y - a scroll of fog
Potions
 b - 2 potions of magic
 k - a potion of degeneration {unknown}
 s - a potion of cancellation {unknown}
 v - a potion of curing {unknown}
 x - a potion of attraction {unknown}


   Skills:
 + Level 2.0 Dodging
 - Level 3.1 Stealth
 + Level 3.5 Spellcasting
 + Level 2.6 Conjurations
 - Level 3.0 Transmutations
 * Level 7.4 Poison Magic
 + Level 1.3 Invocations


You had one spell level left.
You knew the following spells:

 Your Spells              Type           Power      Damage    Failure   Level
a - Sting                 Tmut/Pois      80%        1d7       1%          1
b - Poisonous Vapours     Pois/Air       30%        N/A       5%          2
c - Searing Ray           Conj           24%        2d5       9%          2
d - Olgreb's Toxic Radia  Pois           28%        N/A       8%          4
e - Mephitic Cloud        Conj/Pois/Air  14%        N/A       12%         3

Your spell library contained the following spells:

 Spells                   Type           Power      Damage    Failure   Level
 Magic Dart               Conj           48%        1d5       5%          1
 Sandblast                Erth           6%         2d5       17%         1
 Passwall                 Tmut/Erth      6%         N/A       14%         2
 Stone Arrow              Conj/Erth      14%        3d7       28%         3
 Ozocubu's Armour         Ice            3%         N/A       45%         3
 Tukima's Dance           Hex            3%         N/A       45%         3
 Fulminant Prism          Conj/Hex       3%         3d6       67%         4
 Animate Armour           Summ/Erth      6%         N/A       86%         4
 Passage of Golubria      Tloc           3%         N/A       86%         4
 Yara's Violent Unravell  Hex/Tmut       4%         3d4       94%         5
 Ozocubu's Refrigeration  Ice            1%         4d5       100%        7
 Lehudib's Crystal Spear  Conj/Erth      3%         10d3      100%        8


Dungeon Overview and Level Annotations

Branches:
Dungeon (6/15)             Temple (0/1) D:6

Altars:
Qazlal
The Shining One


Innate Abilities, Weirdness & Mutations

Your serpentine skin is tough. (AC +2)
You have supernaturally acute eyesight. (SInv)
Armour fits poorly on your strangely shaped body.
Your system is resistant to poisons. (rPois)
You cover ground very slowly.
You can spit poison.
You have a snake-like lower body.


Message History

The ice beast is moderately wounded.
The searing ray hits the ice beast.
The ice beast is moderately wounded.
The searing ray hits the ice beast.
The ice beast is heavily wounded.
You finish channelling your searing ray.
The ice beast hits you. The ice beast freezes you!
Casting: Searing Ray (safe; 9% risk of failure)
Confirm with . or Enter, or press ? or * to list all spells.
Aiming: Searing Ray (safe; 9% risk of failure)
Press: ? - help, Shift-Dir - straight line, f/p - ice beast
Aim: an ice beast (heavily wounded, 76% to hit)
The searing ray misses the ice beast. (Press . to maintain the ray.)
The ice beast hits you but does no damage.
The searing ray misses the ice beast.
The ice beast barely misses you.
The searing ray hits the ice beast but does no damage.
The ice beast is heavily wounded.
The ice beast hits you. The ice beast freezes you!
The searing ray hits the ice beast.
The ice beast is severely wounded.
You finish channelling your searing ray.
The ice beast closely misses you.
Casting: Searing Ray (safe; 9% risk of failure)
Confirm with . or Enter, or press ? or * to list all spells.
Aiming: Searing Ray (safe; 9% risk of failure)
Press: ? - help, Shift-Dir - straight line, f/p - ice beast
Aim: an ice beast (severely wounded, 76% to hit)
The searing ray misses the ice beast. (Press . to maintain the ray.)
The ice beast hits you. The ice beast freezes you.
The searing ray hits the ice beast.
The ice beast is almost dead.
The ice beast hits you.
* * * LOW HITPOINT WARNING * * *
The ice beast freezes you!
* * * LOW HITPOINT WARNING * * *
Without enough magic to sustain it, your searing ray dissipates.
The ice beast hits you.
You die...

#.....###....<#####
.....................
###.###..............
#.# #.################
###.###'###...†.........
....)....##.##........#
.........'...+........+.
.........'#.##..........
########....####@#......
#...## #Y....(.. #...#
#..#....# #...#
#........ #...#
#...#..#. #####
##....... ...# . ....


You could see an ice beast.

Vanquished Creatures
  The ghost of zifer the Vexing, an amateur SpEn (D:4)
  An ice beast (D:3)
  A necrophage (D:5)
  A hound (D:5)
  An orc priest (D:3)
  An iguana (D:4)
  An orc wizard (D:3)
  Natasha (thrice) (D:3)
  7 adders
  A white imp (D:6)
  2 dart slugs
  3 orcs
  2 bats
  An endoplasm (D:2)
  3 giant cockroaches (D:1)
  3 goblins (D:3)
  5 hobgoblins
  3 jackals (D:4)
  6 kobolds
  5 quokkas
  8 ball pythons
  4 frilled lizards
  6 rats
69 creatures vanquished.

Notes
Turn   | Place    | Note
-------+----------+-------------------------------------------
     0 | D:1      | Dabor the Naga Venom Mage began the quest for the Orb.
     0 | D:1      | Reached XP level 1. HP: 15/15 MP: 3/3
   302 | D:1      | Reached XP level 2. HP: 13/22 MP: 1/5
   527 | D:1      | Found a faded altar of an unknown god.
  1246 | D:2      | Reached XP level 3. HP: 23/28 MP: 0/6
  1311 | D:2      | Reached skill level 5 in Poison Magic
  2309 | D:3      | Learned a level 2 spell: Poisonous Vapours
  2420 | D:3      | Reached XP level 4. HP: 33/36 MP: 1/7
  2423 | D:3      | Learned a level 2 spell: Searing Ray
  2567 | D:3      | Noticed Natasha
  2574 | D:3      | Killed Natasha
  2620 | D:3      | Noticed Natasha
  2631 | D:3      | Killed Natasha
  2848 | D:3      | Noticed Natasha
  2856 | D:3      | Killed Natasha
  2857 | D:3      | Reached skill level 1 in Conjurations
  2857 | D:3      | Reached XP level 5. HP: 24/42 MP: 2/9
  3112 | D:3      | Noticed an ice beast
  3133 | D:3      | Killed an ice beast
  3134 | D:3      | Reached skill level 6 in Poison Magic
  3134 | D:3      | Reached XP level 6. HP: 13/49 MP: 0/10
  3937 | D:3      | Found a glowing golden altar of the Shining One.
  3937 | D:3      | Found a stormy altar of Qazlal.
  3954 | D:3      | Became a worshipper of Qazlal Stormbringer
  4078 | D:4      | Found a large runed translucent door.
  4081 | D:4      | Found a large runed translucent door.
  4091 | D:4      | Noticed zifer's ghost (amateur SpEn)
  4173 | D:4      | Killed zifer's ghost
  4174 | D:4      | Reached skill level 7 in Poison Magic
  4276 | D:4      | Reached XP level 7. HP: 47/55 MP: 2/12
  4496 | D:4      | You fall into a shaft and drop 2 floors!
  4512 | D:6      | Learned a level 4 spell: Olgreb's Toxic Radiance
  4516 | D:6      | Learned a level 3 spell: Mephitic Cloud
  4633 | D:6      | Found a staircase to the Ecumenical Temple.
  5012 | D:5      | Entered Level 5 of the Dungeon
  5020 | D:5      | Reached skill level 1 in Invocations
  5988 | D:5      | HP: 2/55 [ice beast (14)]
  5989 | D:5      | Slain by an ice beast

Illustrated notes

Levels and vault maps discovered:
D:1:      dpeg_arrival_water_temple_mockup, layout_rooms,
          shapermc_ecumenical_altar_notcrosses, minmay_misc_feat_rugged
D:2:      layout_basic, minmay_misc_feat_nine_boxes
D:3:      layout_loops_cross, amethyst_overflow_temple_binary,
          minmay_misc_feat_five, minmay_misc_feat_ornament, uniq_natasha
D:4:      layout_rooms, ebering_ghost_disaster_area
D:5:      layout_basic, minmay_misc_feat_more_columns, uniq_ijyb
D:6:      layout_basic, minmay_temple_entry_gardened_gates, kennysheep_doodads

Skill      XL: |  1  2  3  4  5  6  7 |
---------------+----------------------+-----
Poison Magic   | 5 6 7 |  7.4
Transmutations | 2 3 |  3.0
Conjurations   | 1 2 |  2.6
Spellcasting   | 3 |  3.5
Invocations    | 1 |  1.3
Dodging        | 2 |  2.0
Stealth        | |  3.1

Action                   |  1- 3 |  4- 6 |  7- 9 || total
-------------------------+-------+-------+-------++-------
Melee: Unarmed           |     6 |       |       ||     6
       Mace              |     6 |     2 |       ||     8
       Dagger            |       |     5 |     3 ||     8
 Cast: Sting             |    45 |    65 |    36 ||   146
       Searing Ray       |       |     4 |     4 ||     8
       Poisonous Vapours |       |     2 |       ||     2
 Abil: Spit Poison       |    11 |     9 |     2 ||    22
  Use: Scroll            |       |       |    11 ||    11
Armor: Robe              |     6 |    10 |     7 ||    23
Dodge: Dodged            |     8 |    37 |    14 ||    59

Table legend: (Time is in decaauts)
 A = Elapsed time spent in this place.
 B = Non-inter-level travel time spent in this place.
 C = Inter-level travel time spent in this place.
 D = Time resting spent in this place.
 E = Time spent auto-exploring this place.
 F = Levels seen in this place.
 G = Mean time per level.
                   A        B        C        D        E       F      G
               +--------+--------+--------+--------+--------+-----+--------+
         Total |   7156 |   6897 |    259 |    860 |   5267 |   6 | 1192.7 |
       Dungeon |   7156 |   6897 |    259 |    860 |   5267 |   6 | 1192.7 |
               +--------+--------+--------+--------+--------+-----+--------+

Top non-repeatable levels by time:
     D:3: 2068 daAuts
     D:1: 1427 daAuts
     D:2: 1355 daAuts
     D:4: 1257 daAuts
     D:6: 816 daAuts
     D:5: 232 daAuts
